General information
- name: BNet
- type: Ladder team game (AT/RT)
- host: Battle.net
- saver: TheMiner
map: TwilightRuins
- players: 8
- length: 42:08
- speed: Fast
- version: 1.28 W3XP
- replay type: Public
» download(229 KB)
Players
team 1 (loser)
olympicman (
pink | 43 APM | 1793 actions | 42:08)
8 Blademaster
3 Wind Walk
3 Critical Strike
1 Bladestorm
1 Mirror Image
1 Shadow Hunter
1 Healing Wave
1 Tauren Chieftain
1 War Stomp
» actions
| Assign group hotkey | 16 | |
| Build / train | 111 | |
| Enter build submenu | 38 | |
| Enter hero's abilities submenu | 10 | |
| Give item / drop item | 4 | |
| Right click | 799 | |
| Select / deselect | 379 | |
| Select group hotkey | 192 | |
| Use ability | 244 | |
1793 total
» units
| Peon | 44 | |
| Raider | 7 | |
| Troll Batrider | 13 | |
| Frost Wyrm | 3 | |
| Crypt Fiend | 1 | |
68 total
» upgrades
| Spiked Barricades | 1 | |
| Pillage | 1 | |
| Melee Weapons | 1 | |
| Armor | 3 | |
| Reinforced Defenses | 1 | |
| Ensnare | 1 | |
| Ranged Weapons | 3 | |
| Liquid Fire | 1 | |
12 total
» buildings
| Orc Burrow | 6 | |
| Altar of Storms | 1 | |
| War Mill | 4 | |
| Voodoo Lounge | 1 | |
| Watch Tower | 11 | |
| Stronghold | 1 | |
| Fortress | 1 | |
| Beastiary | 5 | |
| Great Hall | 9 | |
| Spirit Tower | 1 | |
40 total
» build order
00:07 Orc Burrow
00:11 Altar of Storms
01:01 War Mill
01:18 Voodoo Lounge
02:19 Watch Tower
02:21 Watch Tower
02:51 Watch Tower
02:57 Watch Tower
03:42 Stronghold
04:09 Watch Tower
04:20 Watch Tower
06:07 Fortress
07:03 Beastiary
07:07 Beastiary
07:11 Beastiary
08:27 Orc Burrow
08:31 Watch Tower
08:54 Orc Burrow
09:07 Watch Tower
09:23 Watch Tower
09:46 Watch Tower
09:54 War Mill
10:51 Great Hall
12:29 Great Hall
12:37 Watch Tower
13:28 Great Hall
15:05 Great Hall
16:44 Beastiary
16:51 Beastiary
20:37 Great Hall
20:42 Great Hall
21:22 War Mill
21:50 Orc Burrow
21:54 Orc Burrow
22:23 Orc Burrow
22:26 War Mill
27:13 Great Hall
31:17 Spirit Tower
39:15 Great Hall
40:10 Great Hall
» items
| Healing Salve | 4 | |
| Lesser Clarity Potion | 3 | |
| Orb of Lightning | 2 | |
| Scroll of Town Portal | 3 | |
| Potion of Mana | 1 | |
| Scroll of Speed | 1 | |
14 total
bjorc (
red | 27 APM | 1149 actions | 42:08)
7 Blademaster
3 Wind Walk
3 Critical Strike
1 Bladestorm
» actions
| Assign group hotkey | 7 | |
| Basic commands | 7 | |
| Build / train | 62 | |
| Enter build submenu | 32 | |
| Enter hero's abilities submenu | 7 | |
| Right click | 592 | |
| Select / deselect | 346 | |
| Select group hotkey | 12 | |
| Use ability | 84 | |
1149 total
» units
| Peon | 12 | |
| Tauren | 14 | |
| Troll Batrider | 18 | |
44 total
» upgrades
| Armor | 2 | |
| Pulverize | 1 | |
| Liquid Fire | 1 | |
4 total
» buildings
| Orc Burrow | 11 | |
| Altar of Storms | 3 | |
| Stronghold | 1 | |
| War Mill | 1 | |
| Fortress | 2 | |
| Voodoo Lounge | 1 | |
| Tauren Totem | 2 | |
| Great Hall | 3 | |
| Beastiary | 2 | |
| Watch Tower | 4 | |
30 total
» build order
00:20 Orc Burrow
00:37 Altar of Storms
01:57 Stronghold
02:10 Orc Burrow
03:51 War Mill
04:18 Fortress
04:18 Fortress
05:05 Orc Burrow
06:13 Voodoo Lounge
06:45 Tauren Totem
06:50 Tauren Totem
08:08 Orc Burrow
09:05 Orc Burrow
09:46 Orc Burrow
14:39 Orc Burrow
16:07 Great Hall
17:26 Beastiary
17:39 Beastiary
18:40 Orc Burrow
21:06 Great Hall
26:04 Watch Tower
26:28 Watch Tower
27:24 Watch Tower
27:37 Watch Tower
29:47 Altar of Storms
30:39 Orc Burrow
31:00 Orc Burrow
32:22 Orc Burrow
32:29 Altar of Storms
39:04 Great Hall
» items
| Orb of Lightning | 1 | |
| Healing Salve | 1 | |
| Scroll of Town Portal | 1 | |
3 total

»
WWWWWWWWWWWWWWV (
blue | 57 APM | 359 actions | 06:15)
2 Paladin
1 Holy Light
1 Divine Shield
» actions
| Assign group hotkey | 5 | |
| Basic commands | 18 | |
| Build / train | 22 | |
| Enter build submenu | 12 | |
| Enter hero's abilities submenu | 2 | |
| Right click | 135 | |
| Select / deselect | 91 | |
| Select group hotkey | 53 | |
| Use ability | 21 | |
359 total
» units
» buildings
| Barracks | 1 | |
| Blacksmith | 1 | |
| Altar of Kings | 1 | |
| Farm | 5 | |
| Arcane Vault | 1 | |
| Town Hall | 1 | |
| Keep | 1 | |
11 total
» build order
01:04 Barracks
01:07 Blacksmith
01:12 Altar of Kings
01:15 Farm
01:23 Farm
02:03 Farm
02:38 Arcane Vault
02:59 Farm
04:31 Town Hall
04:44 Farm
05:27 Keep
zerzeros (
yellow | 77 APM | 2301 actions | 29:52)
9 Death Knight
3 Death Coil
3 Unholy Aura
1 Animate Dead
2 Death Pact
» actions
| Assign group hotkey | 84 | |
| Basic commands | 167 | |
| Build / train | 71 | |
| ESC pressed | 2 | |
| Enter build submenu | 19 | |
| Enter hero's abilities submenu | 9 | |
| Give item / drop item | 2 | |
| Right click | 1136 | |
| Select / deselect | 265 | |
| Select group hotkey | 458 | |
| Use ability | 88 | |
2301 total
» units
| Acolyte | 8 | |
| Ghoul | 6 | |
| Crypt Fiend | 13 | |
| Frost Wyrm | 7 | |
| Banshee | 4 | |
| Obsidian Statue | 2 | |
40 total
» upgrades
| Creature Attack | 3 | |
| Creature Carapace | 3 | |
| Web | 1 | |
| Freezing Breath | 1 | |
8 total
» buildings
| Altar of Darkness | 1 | |
| Ziggurat | 7 | |
| Crypt | 1 | |
| Graveyard | 1 | |
| Tomb of Relics | 1 | |
| Halls of the Dead | 1 | |
| Black Citadel | 1 | |
| Sacrificial Pit | 1 | |
| Nerubian Tower | 1 | |
| Boneyard | 2 | |
| Slaughterhouse | 1 | |
| Temple of the Damned | 1 | |
19 total
» build order
00:07 Altar of Darkness
00:12 Ziggurat
00:35 Crypt
00:54 Graveyard
01:09 Tomb of Relics
01:24 Ziggurat
03:19 Halls of the Dead
04:02 Ziggurat
06:42 Black Citadel
06:44 Sacrificial Pit
07:59 Ziggurat
08:01 Nerubian Tower
08:41 Ziggurat
09:14 Boneyard
09:16 Boneyard
12:04 Ziggurat
12:31 Slaughterhouse
16:40 Temple of the Damned
19:23 Ziggurat
» items
| Rod of Necromancy | 1 | |
| Boots of Speed | 1 | |
| Potion of Lesser Invulnerability | 2 | |
| Orb of Lightning | 1 | |
| Potion of Healing | 1 | |
| Potion of Mana | 2 | |
| Scroll of Town Portal | 2 | |
10 total
team 2 (winner)

»
sinsokao (
green | 96 APM | 4056 actions | 42:08)
8 Death Knight
3 Death Coil
3 Unholy Aura
1 Animate Dead
1 Death Pact
6 Lich
3 Frost Nova
2 Frost Armor
1 Death and Decay
5 Pit Lord
3 Howl of Terror
2 Cleaving Attack
1 Blood Mage
1 Summon Phoenix
» actions
| Assign group hotkey | 81 | |
| Basic commands | 58 | |
| Build / train | 158 | |
| ESC pressed | 2 | |
| Enter build submenu | 50 | |
| Enter hero's abilities submenu | 21 | |
| Give item / drop item | 7 | |
| Remove unit from queue | 1 | |
| Right click | 1290 | |
| Select / deselect | 620 | |
| Select group hotkey | 1568 | |
| Use ability | 200 | |
4056 total
» units
| Acolyte | 18 | |
| Ghoul | 3 | |
| Crypt Fiend | 11 | |
| Goblin Shredder | 4 | |
| Frost Wyrm | 11 | |
| Gryphon Rider | 7 | |
54 total
» upgrades
| Creature Attack | 3 | |
| Web | 1 | |
| Burrow | 1 | |
| Freezing Breath | 1 | |
| Creature Carapace | 3 | |
| Masonry | 1 | |
| Lumber Harvesting | 1 | |
| Unholy Strength | 2 | |
| Unholy Armor | 1 | |
14 total
» buildings
| Crypt | 1 | |
| Ziggurat | 30 | |
| Altar of Darkness | 1 | |
| Graveyard | 2 | |
| Tomb of Relics | 3 | |
| Nerubian Tower | 4 | |
| Halls of the Dead | 2 | |
| Black Citadel | 1 | |
| Spirit Tower | 9 | |
| Necropolis | 3 | |
| Sacrificial Pit | 1 | |
| Boneyard | 2 | |
| Slaughterhouse | 1 | |
60 total
» build order
00:20 Crypt
00:22 Ziggurat
00:35 Altar of Darkness
00:59 Graveyard
01:37 Tomb of Relics
01:52 Ziggurat
02:09 Nerubian Tower
05:02 Halls of the Dead
05:02 Halls of the Dead
05:23 Ziggurat
07:10 Ziggurat
07:13 Ziggurat
08:19 Black Citadel
08:24 Spirit Tower
08:25 Ziggurat
08:26 Ziggurat
08:27 Necropolis
08:29 Tomb of Relics
08:37 Spirit Tower
08:37 Spirit Tower
08:45 Ziggurat
08:48 Spirit Tower
09:20 Spirit Tower
09:23 Nerubian Tower
09:28 Ziggurat
09:39 Nerubian Tower
11:26 Sacrificial Pit
12:37 Boneyard
12:40 Boneyard
13:26 Spirit Tower
27:36 Necropolis
28:01 Graveyard
28:22 Necropolis
32:00 Ziggurat
32:01 Ziggurat
33:15 Spirit Tower
35:06 Ziggurat
35:07 Ziggurat
35:07 Ziggurat
35:08 Ziggurat
35:09 Ziggurat
35:42 Ziggurat
35:45 Ziggurat
35:48 Ziggurat
35:49 Ziggurat
35:50 Ziggurat
37:17 Nerubian Tower
37:17 Spirit Tower
37:24 Ziggurat
38:28 Slaughterhouse
38:34 Ziggurat
38:35 Ziggurat
38:36 Ziggurat
38:38 Ziggurat
38:38 Ziggurat
38:40 Ziggurat
38:42 Ziggurat
38:43 Ziggurat
39:51 Spirit Tower
39:56 Tomb of Relics
» items
| Rod of Necromancy | 1 | |
| Dust of Appearance | 1 | |
| Potion of Healing | 6 | |
| Orb of Corruption | 3 | |
| Scroll of Healing | 2 | |
| Scroll of Town Portal | 10 | |
| Potion of Mana | 1 | |
| Potion of Lesser Invulnerability | 1 | |
| Periapt of Vitality | 1 | |
| Boots of Speed | 1 | |
| Orb of Fire | 1 | |
| Ankh of Reincarnation | 2 | |
| Healing Wards | 1 | |
31 total

»
camoob (
orange | 71 APM | 1441 actions | 20:22)
5 Blood Mage
3 Flame Strike
2 Siphon Mana
3 Goblin Alchemist
2 Healing Spray
1 Chemical Rage
» actions
| Assign group hotkey | 58 | |
| Basic commands | 2 | |
| Build / train | 61 | |
| ESC pressed | 2 | |
| Enter build submenu | 23 | |
| Enter hero's abilities submenu | 8 | |
| Give item / drop item | 1 | |
| Right click | 691 | |
| Select / deselect | 225 | |
| Select group hotkey | 293 | |
| Use ability | 77 | |
1441 total
» units
| Peasant | 9 | |
| Footman | 9 | |
| Gryphon Rider | 7 | |
| Dragonhawk Rider | 1 | |
| Knight | 3 | |
29 total
» upgrades
| Defend | 1 | |
| Armor | 3 | |
| Animal War Training | 1 | |
| Plating | 1 | |
| Swords | 1 | |
| Storm Hammers | 1 | |
| Lumber Harvesting | 1 | |
9 total
» buildings
| Altar of Kings | 1 | |
| Farm | 14 | |
| Barracks | 1 | |
| Keep | 1 | |
| Lumber Mill | 2 | |
| Blacksmith | 1 | |
| Castle | 1 | |
| Gryphon Aviary | 2 | |
| Arcane Vault | 1 | |
| Town Hall | 1 | |
25 total
» build order
00:05 Altar of Kings
00:14 Farm
00:22 Farm
00:39 Barracks
00:54 Farm
02:02 Farm
03:32 Keep
03:37 Lumber Mill
04:04 Farm
04:24 Blacksmith
06:29 Castle
07:09 Gryphon Aviary
07:11 Gryphon Aviary
07:14 Farm
07:14 Farm
08:27 Farm
08:31 Farm
08:34 Farm
08:34 Farm
09:13 Arcane Vault
13:19 Town Hall
13:48 Farm
14:35 Farm
17:42 Lumber Mill
18:27 Farm
» items
| Rod of Necromancy | 1 | |
| Scroll of Town Portal | 2 | |
| Staff of Sanctuary | 1 | |
| Scroll of Regeneration | 1 | |
| Scroll of Healing | 1 | |
| Scroll of Protection | 1 | |
| Potion of Lesser Invulnerability | 1 | |
8 total
TheMiner (
teal | 68 APM | 2862 actions | 42:08)
6 Blademaster
2 Wind Walk
2 Critical Strike
1 Bladestorm
1 Mirror Image
2 Blood Mage
1 Summon Phoenix
1 Banish
» actions
| Assign group hotkey | 63 | |
| Basic commands | 113 | |
| Build / train | 73 | |
| Enter build submenu | 57 | |
| Enter hero's abilities submenu | 7 | |
| Give item / drop item | 2 | |
| Remove unit from queue | 7 | |
| Right click | 1108 | |
| Select / deselect | 460 | |
| Select group hotkey | 767 | |
| Use ability | 205 | |
2862 total
» units
| Peon | 13 | |
| Goblin Sapper | 3 | |
| Tauren | 5 | |
| Goblin Shredder | 1 | |
| Raider | 6 | |
| Shaman | -2 | |
| Troll Witch Doctor | 4 | |
| Dragonhawk Rider | 4 | |
34 total
» upgrades
| Reinforced Defenses | 1 | |
| Armor | 2 | |
| Melee Weapons | 2 | |
| Ensnare | 1 | |
| Masonry | 1 | |
| Swords | 2 | |
| Plating | 1 | |
| Cloud | 1 | |
| Pillage | 1 | |
| Shaman Training | 2 | |
14 total
» buildings
| War Mill | 2 | |
| Great Hall | 5 | |
| Watch Tower | 38 | |
| Orc Burrow | 7 | |
| Voodoo Lounge | 1 | |
| Spirit Lodge | 2 | |
| Town Hall | 1 | |
| Barracks | 1 | |
57 total
» build order
06:54 War Mill
09:27 Great Hall
12:06 Great Hall
12:52 Watch Tower
15:09 Orc Burrow
15:19 Watch Tower
16:45 Watch Tower
16:46 Watch Tower
16:46 Watch Tower
16:46 Watch Tower
17:37 Watch Tower
17:38 Watch Tower
18:07 Orc Burrow
18:08 Orc Burrow
18:09 Orc Burrow
18:10 Orc Burrow
18:33 Orc Burrow
18:41 Watch Tower
18:43 Watch Tower
20:43 War Mill
20:48 Voodoo Lounge
20:54 Orc Burrow
21:35 Spirit Lodge
21:37 Spirit Lodge
25:48 Great Hall
25:59 Town Hall
26:43 Watch Tower
26:44 Watch Tower
26:44 Watch Tower
26:44 Watch Tower
26:45 Watch Tower
26:45 Watch Tower
26:46 Watch Tower
30:28 Great Hall
32:07 Watch Tower
32:07 Watch Tower
32:07 Watch Tower
32:07 Watch Tower
32:08 Watch Tower
32:08 Watch Tower
32:09 Watch Tower
36:09 Great Hall
36:12 Watch Tower
36:12 Barracks
36:13 Watch Tower
36:14 Watch Tower
36:14 Watch Tower
36:15 Watch Tower
37:13 Watch Tower
37:13 Watch Tower
37:13 Watch Tower
37:14 Watch Tower
38:20 Watch Tower
38:22 Watch Tower
38:23 Watch Tower
38:23 Watch Tower
» items
| Boots of Speed | 1 | |
| Periapt of Vitality | 1 | |
| Staff of Teleportation | 1 | |
| Circlet of Nobility | 1 | |
| Healing Salve | 1 | |
| Lesser Clarity Potion | 1 | |
| Orb of Lightning | 1 | |
| Scroll of Town Portal | 2 | |
9 total
Harambe_314 (
purple | 25 APM | 380 actions | 15:27)
2 Blademaster
1 Wind Walk
1 Critical Strike
» actions
| Assign group hotkey | 11 | |
| Basic commands | 59 | |
| Build / train | 38 | |
| Enter build submenu | 12 | |
| Enter hero's abilities submenu | 2 | |
| Right click | 64 | |
| Select / deselect | 128 | |
| Select group hotkey | 33 | |
| Use ability | 33 | |
380 total
» units
| Peon | 12 | |
| Grunt | 4 | |
| Kodo Beast | 3 | |
| Spirit Walker | 1 | |
| Troll Witch Doctor | 4 | |
| Tauren | 3 | |
27 total
» upgrades
| Witch Doctor Training | 2 | |
| Berserker Strength | 1 | |
| Armor | 1 | |
| Melee Weapons | 1 | |
5 total
» buildings
| Altar of Storms | 1 | |
| Orc Burrow | 5 | |
| Barracks | 1 | |
| Voodoo Lounge | 1 | |
| Stronghold | 1 | |
| War Mill | 1 | |
| Beastiary | 1 | |
| Spirit Lodge | 1 | |
| Fortress | 1 | |
| Tauren Totem | 1 | |
14 total
» build order
00:05 Altar of Storms
00:07 Orc Burrow
00:33 Barracks
01:31 Voodoo Lounge
02:45 Stronghold
02:59 Orc Burrow
03:18 War Mill
04:01 Orc Burrow
05:09 Beastiary
05:11 Spirit Lodge
05:50 Fortress
06:21 Orc Burrow
08:52 Tauren Totem
09:43 Orc Burrow
» items
Chat log
(00:15 / Allies) sinsokao: hi
(00:26 / Allies) Harambe_314: hello
(00:27 / Allies) sinsokao: 100?
(00:45 / Allies) camoob: wow i am super lagg
(00:47 / Allies) camoob: laggy
(00:49 / Allies) camoob: like 4 secs
(00:55 / Allies) Harambe_314: grunt doc kodo tauren
(00:57 / Allies) Harambe_314: walker
(01:25 / Allies) camoob: -.-
(01:27 / Allies) sinsokao: wtf.....
(01:50 / Allies) Harambe_314: lol
(01:52 / Allies) camoob: well i think we can forget about this game
(02:00 / Allies) sinsokao: kill him
(02:08 / All) zerzeros: clark don't sacrifice yourself to save millions
(02:30 / All) bjorc: DONT SHOOT! YOU'LL BLOW THE GAS TANKS!
(03:04 / All) bjorc: if u cant name dat movie den ders no hope
(03:20 / Allies) camoob: ok senseless
(03:42 / Allies) Harambe_314: yeah fuck this game
(04:53 / Allies) TheMiner: gold plz
(05:00 / Allies) camoob: ^^
(05:04 / Allies) camoob: yeah, the miner
(05:06 / Allies) camoob: good oe
(05:08 / Allies) camoob: one
(05:58 / All) TheMiner: HELP
(06:31 / Allies) sinsokao: pala
(06:35 / All) sinsokao: now 3v3
(07:17 / Allies) Harambe_314: any wood?
(07:33 / Allies) sinsokao: altar
(08:40 / Allies) sinsokao: pink bats
(08:53 / Allies) sinsokao: care
(08:57 / Allies) sinsokao: towers up
(08:58 / Allies) camoob: web?
(09:13 / Allies) sinsokao: upgrade
(10:01 / Allies) camoob: ohh
(10:15 / Allies) sinsokao: b
(10:41 / Allies) sinsokao: eat taurens
(12:00 / Allies) sinsokao: b
(12:11 / Allies) camoob: wood anyoneß
(12:19 / Allies) camoob: ty
(12:27 / Allies) Harambe_314: have docs now
(12:56 / Allies) sinsokao: take expos
(14:33 / Allies) sinsokao: together
(15:02 / Allies) sinsokao: ward
(15:06 / Allies) sinsokao: eye
(15:10 / Allies) sinsokao: ....................
(15:11 / Allies) sinsokao: ..........
(15:34 / Allies) sinsokao: tp?
(15:38 / Allies) camoob: ye
(17:32 / Allies) sinsokao: nice
(18:00 / All) sinsokao: free win teal lol
(18:40 / Allies) sinsokao: care
(19:29 / Allies) TheMiner: nuke bm
(20:15 / Allies) sinsokao: b
(20:17 / Allies) TheMiner: b
(21:13 / Allies) TheMiner: I got purple
(21:22 / Allies) sinsokao: .........
(21:40 / Allies) sinsokao: if u join us
(21:43 / Allies) TheMiner: Ive been building on him
(21:45 / Allies) sinsokao: we already won
(21:46 / Allies) TheMiner: orange left
(22:15 / Allies) TheMiner: get bm out of your control
(22:22 / Allies) TheMiner: dude
(22:28 / Allies) TheMiner: get bm out of your control
(23:31 / Allies) sinsokao: b
(23:51 / Allies) sinsokao: i ll tp
(24:37 / Allies) TheMiner: didn't get net because of wood
(24:40 / Allies) TheMiner: and forgot to get it
(25:25 / Allies) sinsokao: do u know how to use docs?
(25:31 / Allies) TheMiner: yes
(25:34 / Allies) sinsokao: buy tp
(25:53 / Allies) TheMiner: orange
(27:19 / Allies) TheMiner: is pink a bot
(27:53 / Allies) TheMiner: feind
(28:29 / All) TheMiner: is pink a bot
(29:46 / All) zerzeros: gg
(29:53 / All) sinsokao: shame on u
(33:51 / Allies) sinsokao: w8
(34:13 / All) sinsokao: zzzz
(39:08 / All) TheMiner: cool tower
(39:14 / All) sinsokao: LOL
(40:49 / All) bjorc: sweet a healing slave
(40:59 / All) bjorc: lolol
(41:04 / All) TheMiner: that's gonna change the complexion of this outcome
(41:06 / All) TheMiner: 4sure
(41:28 / All) TheMiner: nice hall
(41:34 / All) TheMiner: past tense
(41:45 / All) bjorc: i bet u get all the girls
(41:51 / All) TheMiner: just your mom and sisters
(41:58 / All) bjorc: if only
(42:05 / All) TheMiner: yeah I bet you'd love to watch